 Dungeon Crawl Stone Soup version 0.15-b1-63-g828a17f (webtiles) character file.

229 BoredOne the Skirmisher (level 5, 0/50 HPs)
             Began as a Minotaur Fighter on Aug 13, 2014.
             Was an Initiate of Qazlal.
             Slain by a mummy (12 damage)
             ... in an ossuary.
             The game lasted 00:11:46 (2472 turns).

BoredOne the Skirmisher (Minotaur Fighter)          Turns: 2472, Time: 00:11:46

HP   0/50        AC  9     Str 20      XL: 5   Next: 71%
MP   2/2         EV 11     Int  6      God: Qazlal [......]
Gold 123         SH 10     Dex 15      Spells:  0 memorised,  4 levels left

rFire  + . .     SeeInvis .     a - +1 war axe (curse)
rCold  . . .     Clarity  .     b - +0 scale mail
rNeg   . . .     rCorr    .     c - +1 shield
rPois  .         rRot     .     (helmet restricted)
rElec  .         Spirit   .     (no cloak)
SustAb .         Warding  .     l - +0 pair of gloves (curse)
rMut   .         Stasis   .     u - +0 pair of boots
Gourm  .                        (no amulet)
MR     .....                    q - ring of flight
                                m - ring of protection from fire

@: agile, not resistant to hostile enchantments, very unstealthy
A: retaliatory headbutt, horns 2
a: Renounce Religion, Evoke Flight


You were in an ossuary.
You worshipped Qazlal.
Qazlal was noncommittal.
You were not hungry.

You visited 1 branch of the dungeon, and saw 4 of its levels.
You also visited: Ossuary.

You collected 123 gold pieces.

Inventory:

Hand weapons
 a - a cursed +1 war axe (weapon)
 e - a +0 battleaxe
Missiles
 r - 6 tomahawks (quivered)
Armour
 b - a +0 scale mail (worn)
 c - a +1 shield (worn)
 l - a cursed +0 pair of gloves (worn)
 u - a +0 pair of boots (worn)
Comestibles
 d - a bread ration
Scrolls
 h - a scroll of enchant armour
 i - 2 scrolls of blinking
 j - a scroll of enchant weapon
 k - a scroll of identify
 o - a scroll of remove curse
 p - 2 scrolls of teleportation
Jewellery
 m - a ring of protection from fire (left hand)
 q - a ring of flight (right hand)
 t - an uncursed ring of sustain abilities


   Skills:
 + Level 5.9 Fighting
 + Level 5.2 Axes
 + Level 3.8 Armour
 + Level 3.6 Shields
 + Level 0.6 Invocations


You had 4 spell levels left.
You didn't know any spells.

Dungeon Overview and Level Annotations

Branches:
Dungeon (4/15)
 Temple: D:4-7

Altars:
Kikubaaqudgha
Qazlal
Xom
Zin
The Shining One

Annotations:
D:4 BoredOne's ghost, average MiFi


Innate Abilities, Weirdness & Mutations

You reflexively headbutt those who attack you in melee.
You have a pair of horns on your head.


Message History

Your shield prevents you from hitting the mummy.
The mummy is heavily damaged.
The mummy hits you. The mummy hits you!
* * * LOW HITPOINT WARNING * * *
You slash the mummy!
The mummy is almost destroyed.
You slash the mummy!
You destroy the mummy!
Qazlal accepts your kill.
You feel nervous for a moment...
Your +0 pair of gloves glows black for a moment.
Your shield and scale mail prevent you from hitting the mummy.
The mummy is lightly damaged.
You slash the mummy!
You destroy the mummy!
Qazlal accepts your kill.
You feel nervous for a moment...
Your +1 war axe glows black for a moment.
The mummy hits you but does no damage. The mummy hits you!
You die...

...
.........
...........
...........
#........
#......
#Z...#
#....#
#.M@.#
#...M#
#....#
#....#
#....#
#....#
#.∩∩.#
######


You could see 2 mummies and an orc zombie.

Vanquished Creatures
  The ghost of aredel the Cudgeler, an average GrFi of Okawaru (D:3)
  2 mummies (Ossuary)
  2 adders
  2 giant mites
  A worm (D:3)
  2 adder skeletons (D:4)
  2 giant geckos (D:3)
  4 bats
  A giant cockroach (D:1)
  4 goblins
  8 hobgoblins
  4 kobolds (D:1)
  3 quokkas
  A ball python (D:3)
  4 giant newts
  3 hobgoblin zombies (Ossuary)
  A kobold zombie (Ossuary)
  2 orc zombies (Ossuary)
  6 rats
53 creatures vanquished.

Notes
Turn   | Place    | Note
--------------------------------------------------------------
     0 | D:1      | BoredOne, the Minotaur Fighter, began the quest for the Orb.
     0 | D:1      | Reached XP level 1. HP: 19/19 MP: 1/1
   236 | D:1      | Reached XP level 2. HP: 27/27 MP: 1/1
   243 | D:1      | Reached skill level 3 in Axes
   375 | D:1      | Reached skill level 4 in Fighting
  1065 | D:2      | Reached XP level 3. HP: 24/34 MP: 2/2
  1340 | D:2      | Found an ancient bone altar of Kikubaaqudgha.
  1409 | D:2      | Found a glowing golden altar of the Shining One.
  1583 | D:3      | Noticed aredel's ghost (average GrFi)
  1591 | D:3      | Killed aredel's ghost
  1591 | D:3      | Reached skill level 5 in Fighting
  1591 | D:3      | Reached skill level 4 in Axes
  1591 | D:3      | Reached XP level 4. HP: 11/44 MP: 2/2
  1591 | D:3      | Reached XP level 5. HP: 12/50 MP: 2/2
  1950 | D:3      | Reached skill level 5 in Axes
  2000 | D:3      | Found a glowing silver altar of Zin.
  2156 | D:4      | Found a shimmering altar of Xom.
  2159 | D:4      | Found a shimmering altar of Xom.
  2204 | D:4      | Found a stormy altar of Qazlal.
  2222 | D:4      | Became a worshipper of Qazlal Stormbringer
  2245 | D:4      | Noticed BoredOne's ghost (average MiFi)
  2251 | D:4      | HP: 1/50 [BoredOne's ghost (13)]
  2252 | D:4      | Found a sand-covered staircase.
  2259 | Ossuary  | Entered an ossuary
  2472 | Ossuary  | Slain by a mummy

Action                   |  1- 3 |  4- 6 || total
-------------------------+-------+-------++-------
Melee: War axe           |    79 |    52 ||   131
 Abil: Evoke Flight      |       |     1 ||     1
  Use: Potion            |     1 |     5 ||     6
       Scroll            |       |     9 ||     9
  Eat: Chunk             |     1 |       ||     1
       Bread ration      |       |     1 ||     1
Dungeon Crawl Stone Soup version 0.15-b1-63-g828a17f (webtiles) character file. 229 BoredOne the Skirmisher (level 5, 0/50 HPs) Began as a Minotaur Fighter on Aug 13, 2014. Was an Initiate of Qazlal. Slain by a mummy (12 damage) ... in an ossuary. The game lasted 00:11:46 (2472 turns). BoredOne the Skirmisher (Minotaur Fighter) Turns: 2472, Time: 00:11:46 HP 0/50 AC 9 Str 20 XL: 5 Next: 71% MP 2/2 EV 11 Int 6 God: Qazlal [......] Gold 123 SH 10 Dex 15 Spells: 0 memorised, 4 levels left rFire + . . SeeInvis . a - +1 war axe (curse) rCold . . . Clarity . b - +0 scale mail rNeg . . . rCorr . c - +1 shield rPois . rRot . (helmet restricted) rElec . Spirit . (no cloak) SustAb . Warding . l - +0 pair of gloves (curse) rMut . Stasis . u - +0 pair of boots Gourm . (no amulet) MR ..... q - ring of flight m - ring of protection from fire @: agile, not resistant to hostile enchantments, very unstealthy A: retaliatory headbutt, horns 2 a: Renounce Religion, Evoke Flight You were in an ossuary. You worshipped Qazlal. Qazlal was noncommittal. You were not hungry. You visited 1 branch of the dungeon, and saw 4 of its levels. You also visited: Ossuary. You collected 123 gold pieces. Dungeon Overview and Level Annotations Branches: Dungeon (4/15) Temple: D:4-7 Altars: Kikubaaqudgha Qazlal Xom Zin The Shining One Annotations: D:4 BoredOne's ghost, average MiFi Innate Abilities, Weirdness & Mutations You reflexively headbutt those who attack you in melee. You have a pair of horns on your head. Skills: + Level 5.9 Fighting + Level 5.2 Axes + Level 3.8 Armour + Level 3.6 Shields + Level 0.6 Invocations You had 4 spell levels left. You didn't know any spells. Inventory: Hand weapons a - a cursed +1 war axe (weapon) e - a +0 battleaxe Missiles r - 6 tomahawks (quivered) Armour b - a +0 scale mail (worn) c - a +1 shield (worn) l - a cursed +0 pair of gloves (worn) u - a +0 pair of boots (worn) Comestibles d - a bread ration Scrolls h - a scroll of enchant armour i - 2 scrolls of blinking j - a scroll of enchant weapon k - a scroll of identify o - a scroll of remove curse p - 2 scrolls of teleportation Jewellery m - a ring of protection from fire (left hand) q - a ring of flight (right hand) t - an uncursed ring of sustain abilities Message History Your shield prevents you from hitting the mummy. The mummy is heavily damaged. The mummy hits you. The mummy hits you! * * * LOW HITPOINT WARNING * * * You slash the mummy! The mummy is almost destroyed. You slash the mummy! You destroy the mummy! Qazlal accepts your kill. You feel nervous for a moment... Your +0 pair of gloves glows black for a moment. Your shield and scale mail prevent you from hitting the mummy. The mummy is lightly damaged. You slash the mummy! You destroy the mummy! Qazlal accepts your kill. You feel nervous for a moment... Your +1 war axe glows black for a moment. The mummy hits you but does no damage. The mummy hits you! You die... ... ......... ........... ........... #........ #...... #Z...# #....# #.M@.# #...M# #....# #....# #....# #....# #.∩∩.# ###### You could see 2 mummies and an orc zombie.

Action                   |  1- 3 |  4- 6 || total
-------------------------+-------+-------++-------
Melee: War axe           |    79 |    52 ||   131
 Abil: Evoke Flight      |       |     1 ||     1
  Use: Potion            |     1 |     5 ||     6
       Scroll            |       |     9 ||     9
  Eat: Chunk             |     1 |       ||     1
       Bread ration      |       |     1 ||     1

Vanquished Creatures
  The ghost of aredel the Cudgeler, an average GrFi of Okawaru (D:3)
  2 mummies (Ossuary)
  2 adders
  2 giant mites
  A worm (D:3)
  2 adder skeletons (D:4)
  2 giant geckos (D:3)
  4 bats
  A giant cockroach (D:1)
  4 goblins
  8 hobgoblins
  4 kobolds (D:1)
  3 quokkas
  A ball python (D:3)
  4 giant newts
  3 hobgoblin zombies (Ossuary)
  A kobold zombie (Ossuary)
  2 orc zombies (Ossuary)
  6 rats
53 creatures vanquished. Notes Turn | Place | Note -------------------------------------------------------------- 0 | D:1 | BoredOne, the Minotaur Fighter, began the quest for the Orb. 0 | D:1 | Reached XP level 1. HP: 19/19 MP: 1/1 236 | D:1 | Reached XP level 2. HP: 27/27 MP: 1/1 243 | D:1 | Reached skill level 3 in Axes 375 | D:1 | Reached skill level 4 in Fighting 1065 | D:2 | Reached XP level 3. HP: 24/34 MP: 2/2 1340 | D:2 | Found an ancient bone altar of Kikubaaqudgha. 1409 | D:2 | Found a glowing golden altar of the Shining One. 1583 | D:3 | Noticed aredel's ghost (average GrFi) 1591 | D:3 | Killed aredel's ghost 1591 | D:3 | Reached skill level 5 in Fighting 1591 | D:3 | Reached skill level 4 in Axes 1591 | D:3 | Reached XP level 4. HP: 11/44 MP: 2/2 1591 | D:3 | Reached XP level 5. HP: 12/50 MP: 2/2 1950 | D:3 | Reached skill level 5 in Axes 2000 | D:3 | Found a glowing silver altar of Zin. 2156 | D:4 | Found a shimmering altar of Xom. 2159 | D:4 | Found a shimmering altar of Xom. 2204 | D:4 | Found a stormy altar of Qazlal. 2222 | D:4 | Became a worshipper of Qazlal Stormbringer 2245 | D:4 | Noticed BoredOne's ghost (average MiFi) 2251 | D:4 | HP: 1/50 [BoredOne's ghost (13)] 2252 | D:4 | Found a sand-covered staircase. 2259 | Ossuary | Entered an ossuary 2472 | Ossuary | Slain by a mummy

Vault maps used:
D:1:      evilmike_arrival_hilbert_curve, moated_statue, serial_bayou_lagoon_b
D:2:      overflow_temple_1_default, lemuel_round_altar
D:3:      zin_statuary
D:4:      okawaru_altar_gauntlet_db, nicolae_qazlal_general_emergency,
          xom_redecorated, nicolae_ossuary_entry_monument
Ossuary:  ossuary_tomb_3
